 Dungeon Crawl Stone Soup version 0.29.1-15-g9cfb28693d (webtiles) character file.

Game seed: 8944398072410711385

12538 ThatPearl the Soothsayer (level 11, -9/93 HPs)
             Began as a Demonspawn Gladiator on Mar 10, 2023.
             Was a Priest of Nemelex Xobeh.
             Mangled by an entropy weaver simulacrum (36 damage)
             ... summoned by a boggart
             ... in a Gauntlet.
             The game lasted 00:28:29 (11506 turns).

ThatPearl the Soothsayer (Demonspawn Gladiator)    Turns: 11506, Time: 00:28:29

Health: -9/93      AC: 26    Str: 18    XL:     11   Next: 63%
Magic:  19/19      EV: 14    Int: 15    God:    Nemelex Xobeh [***...]
Gold:   876        SH:  4    Dex: 14    Spells: 10/10 levels left

rFire   . . .      SeeInvis +   C - +4 war axe of Dissolution {speed, rN+}
rCold   . . .      Faith    .   (no shield)
rNeg    + + .      Spirit   .   f - +5 ring mail of Mutualism {rN+ Int+4}
rPois   .          Reflect  .   J - +2 helmet
rElec   .          Harm     .   w - +2 cloak
rCorr   .          Rampage  .   (gloves unavailable)
Will    .....      NoTele   +   o - +0 pair of boots
Stlth   +.........              H - amulet of magic regeneration
HPRegen 0.25/turn               h - +4 ring of protection
MPRegen 0.56/turn               z - ring of see invisible

@: elixired
A: repulsion field 1, icemail 1, condensation shield, demonic touch 3
a: Renounce Religion, Draw Escape, Draw Destruction, Draw Summoning, Triple Draw


You were in a Gauntlet.
You worshipped Nemelex Xobeh.
Nemelex Xobeh was most pleased with you.
You visited 2 branches of the dungeon, and saw 11 of its levels.
You also visited: Bailey and Gauntlet.

You collected 876 gold pieces.

Inventory:

Hand Weapons
 a - a +0 war axe
 t - a +0 spear
 v - the +3 hand axe of Somewhere Else {venom, Int+6}
   (You found it on level 3 of the Dungeon)

   It poisons the flesh of those it strikes.
   Int:       It affects your intelligence (+6).
 A - a +0 battleaxe
 C - the +4 war axe of Dissolution (weapon) {speed, rN+}
   (You found it in a bailey)

   Attacks with this weapon are significantly faster.
   rN:        It protects you from negative energy.
 L - a +2 spear of venom
Missiles
 e - a javelin (quivered)
 s - 5 poisoned darts
 E - 11 throwing nets
Armour
 c - a +0 helmet
 d - a +2 chain mail of positive energy
 f - the +5 ring mail of Mutualism (worn) {rN+ Int+4}
   (You found it in a Gauntlet)

   Int:       It affects your intelligence (+4).
   rN:        It protects you from negative energy.
 o - a +0 pair of boots (worn)
 w - a +2 cloak (worn)
 G - a +0 cloak of willpower
 J - a +2 helmet (worn)
Jewellery
 h - a +4 ring of protection (left hand)
 m - an amulet of regeneration
 z - a ring of see invisible (right hand)
 H - an amulet of magic regeneration (around neck)
Wands
 y - a wand of polymorph (10)
 I - a wand of iceblast (10)
 K - a wand of quicksilver (9)
Scrolls
 g - a scroll of enchant weapon {unknown}
 l - 3 scrolls of teleportation {unknown}
 u - a scroll of noise {unknown}
 x - a scroll of summoning
 B - a scroll of enchant armour
 D - a scroll of vulnerability
 F - a scroll of blinking
Potions
 b - a potion of brilliance {unknown}
 i - 4 potions of lignification
 j - 6 potions of flight
 k - 2 potions of mutation
 n - 3 potions of haste
 p - a potion of berserk rage
 q - 2 potions of heal wounds
 r - 10 potions of curing


   Skills:
 + Level 11.3 Fighting
 + Level 10.6 Axes
 - Level 1.7 Throwing
 + Level 3.8 Armour
 - Level 4.0 Dodging
 + Level 11.4 Invocations


You had 10 spell levels left.
You didn't know any spells.
Your spell library contained the following spells:

 Spells                   Type           Power      Damage    Failure   Level
 Freeze                   Ice            0%         1d3       43%         1
 Call Canine Familiar     Summ           0%         N/A       80%         3
 Frozen Ramparts          Ice            0%         1d1       80%         3
 Portal Projectile        Hex/Tloc       0%         N/A       80%         3
 Hailstorm                Conj/Ice       0%         3d3       99%         4
 Leda's Liquefaction      Hex/Erth       0%         N/A       99%         4


Dungeon Overview and Level Annotations

Branches:
Dungeon (10/15)            Temple (0/1) D:4            Lair (1/5) D:8
 Bailey (visited)         Gauntlet (1/1)
    Orc: D:9-12

Altars:
Ashenzari
Fedhas
Nemelex Xobeh
Ru
Wu Jian
Xom
Yredelemnul

Annotations:
Gauntlet 15 transporters, 21 runed translucent doors


Innate Abilities, Weirdness & Mutations

You are surrounded by a mild repulsion field. (EV +2)
A meltable icy envelope protects you from harm. (AC +4)
A meltable shield of frost defends you. (SH +4)
Your touch may irresistibly damage your foes and sap their willpower.


Message History

The boggart mumbles some strange words.
The worldbinder hits you but does no damage.
The worldbinder closely misses you. The sixfirhy misses you.
The eight-headed hydra bites you.
The eight-headed hydra bites you but does no damage.
The eight-headed hydra bites you!
* * * LOW HITPOINT WARNING * * *
The eight-headed hydra bites you but does no damage.
The eight-headed hydra closely misses you.
The eight-headed hydra bites you.
* * * LOW HITPOINT WARNING * * *
The eight-headed hydra misses you. The eight-headed hydra bites you.
* * * LOW HITPOINT WARNING * * *
You draw a card...
You have drawn the Elixir.
You begin rapidly regenerating health and magic.
The sixfirhy hits you but does no damage. x3
The worldbinder barely misses you.
The worldbinder hits you but does no damage.
You block the mana viper's attack.
The smoke demon enters a dispersal trap!
The death knight skeleton blinks!
The sixfirhy blinks!
The eight-headed hydra blinks!
The mana viper blinks!
The deep elf zephyrmancer skeleton blinks!
The worldbinder blinks!
The sixfirhy blinks!
You blink.
The smoke demon blinks!
The black mamba enters a dispersal trap!
The mana viper blinks!
The sixfirhy blinks!
The smoke demon blinks!
The necromancer blinks!
The naga zombie blinks!
The mana viper blinks!
The eight-headed hydra blinks!
The entropy weaver simulacrum blinks!
The necromancer blinks!
You blink.
The black mamba blinks!
The boggart hits you but does no damage.
The worldbinder calls forth creatures from the Snake Pit!
The smoke demon enters a dispersal trap!
The mana viper blinks!
The necromancer blinks!
The necromancer drops a net on you.
You become entangled in the net!
You blink.
You block the entropy weaver simulacrum's attack.
The entropy weaver simulacrum hits you.
* * * LOW HITPOINT WARNING * * *
The entropy weaver simulacrum freezes you!!!
You die...
Your body glows slightly and disappears.

##.#^#.....#.#.#$##.###..#.#t~...
##.#.........#.#[|##.....#.#mx...
#################################
........©...........©#≈≈§≈8≈≈§§#©
########.########################
.......#.#≈≈8§§#©.........©......
.......#.########################
#####..#.##.ZS.SZ.##.#....©....#.
# #8#..#.#.#S.Zx@#.#.#.###...#.#.
# ###..#.#§§#..^#S§#.#.#...#.#.#.
#..#.#g3§#§#.§.#.#...###...#.
##..#©#§D.p#©...#.#.###©..#.#.
8#..###§§§#§#§Z.#.#.#...#.#.#.
##....#§§#3§§#3.#.#...###...#.
#....#.#3...^#.#.#.###...#.#.
###..##......§##.#.........#.
#8#..###########.###########.


You could see an eight-headed hydra (summoned), a necromancer (summoned), a
worldbinder, 4 black mambas, a sixfirhy (summoned), a smoke demon (summoned), a
boggart, an entropy weaver simulacrum (summoned), a naga zombie (summoned), a
death knight skeleton (summoned) and a deep elf zephyrmancer skeleton
(summoned).

Vanquished Creatures
  Amaemon (Lair:1)
  A soul eater (Gauntlet)
  Pikel (D:4)
  An orc knight (Bailey)
  An orange demon (Lair:1)
  Maggie (D:6)
  A cane toad (Lair:1)
  Psyche (D:8)
  A troll (D:9)
  Grinder (D:5)
  2 wyverns (D:8)
  15 yaks
  Eustachio (D:4)
  Grum (D:8)
  A basilisk (D:8)
  3 steam dragons
  6 vampire mosquitoes
  Edmund (D:4)
  An acid dragon (D:9)
  3 water moccasins
  Duvessa (D:5)
  An ice beast (D:6)
  2 ogres
  5 orc warriors
  3 black bears
  3 sky beasts
  3 wolves
  A boggart (Gauntlet)
  3 centaurs
  2 phantoms
  3 lemures
  3 gnoll sergeants (D:8)
  2 bullfrogs
  2 necrophages (D:5)
  3 scorpions
  Dowan (D:5)
  4 howler monkeys
  10 hounds
  An orc priest (D:8)
  Crazy Yiuf (D:5)
  2 gnoll boudas (D:8)
  2 iguanas
  4 orc wizards
  19 gnolls
  12 adders
  3 shadow imps
  2 white imps
  A worm zombie (D:8)
  2 worms
  4 dart slugs
  21 orcs
  4 ball pythons
  5 bats
  8 endoplasms
  2 giant cockroaches
  14 hobgoblins
  8 jackals
  4 quokkas
  4 frilled lizards
  10 goblins
  15 kobolds
  2 rats (D:1)
  A spectral orc (D:7)
247 creatures vanquished.

Vanquished Creatures (collateral kills)
  A two-headed ogre (D:8)
  A howler monkey (D:8)
2 creatures vanquished.

Vanquished Creatures (others)
  A goblin (D:8)
  14 demonic plants (Gauntlet)
  4 fungi (D:8)
  22 plants
41 creatures vanquished.

Grand Total: 290 creatures vanquished

Notes
Turn   | Place    | Note
-------+----------+-------------------------------------------
     0 | D:1      | ThatPearl the Demonspawn Gladiator began the quest for the
                  | Orb.
     0 | D:1      | Reached XP level 1. HP: 16/16 MP: 1/1
   505 | D:1      | Gained mutation: You are surrounded by a mild repulsion
                  | field. (EV +2) [demonic ancestry]
   505 | D:1      | Reached XP level 2. HP: 20/23 MP: 2/2
  1064 | D:1      | Gained mutation: Your touch may inflict minor irresistible
                  | damage on your foes. [demonic ancestry]
  1064 | D:1      | Reached XP level 3. HP: 28/28 MP: 3/3
  1513 | D:2      | Found a shimmering altar of Xom.
  2287 | D:3      | Found a faded altar of an unknown god.
  2649 | D:3      | Identified the +3 hand axe of Somewhere Else {venom, Int+6}
  2671 | D:3      | Found a broken altar of Ashenzari.
  2677 | D:3      | Found a sacrificial altar of Ru.
  2680 | D:3      | Found a sparkling altar of Nemelex Xobeh.
  2689 | D:3      | Became a worshipper of Nemelex Xobeh the Trickster
  2737 | D:4      | Noticed Pikel
  2737 | D:4      | Noticed a lemure
  2737 | D:4      | Noticed a lemure
  2737 | D:4      | Noticed a black bear
  2752 | D:3      | Killed a lemure
  2773 | D:4      | Found a staircase to the Ecumenical Temple.
  2807 | D:4      | Reached XP level 4. HP: 35/35 MP: 4/4
  2814 | D:4      | Noticed a phantom
  2829 | D:4      | Killed a phantom
  2830 | D:4      | Reached XP level 5. HP: 20/42 MP: 5/5
  3122 | D:4      | Noticed Eustachio
  3136 | D:4      | Killed Eustachio
  3137 | D:4      | Gained mutation: Your touch may inflict irresistible damage
                  | on your foes. [demonic ancestry]
  3137 | D:4      | Reached XP level 6. HP: 39/50 MP: 6/6
  3331 | D:4      | Killed Pikel
  3332 | D:4      | Gained mutation: A meltable shield of frost defends you.
                  | (SH +4) [demonic ancestry]
  3332 | D:4      | Reached XP level 7. HP: 59/59 MP: 7/7
  3435 | D:4      | Found a shimmering altar of Xom.
  3699 | D:4      | Reached XP level 8. HP: 59/65 MP: 8/8
  3823 | D:4      | Noticed Edmund
  3842 | D:4      | Killed Edmund
  4239 | D:5      | Entered Level 5 of the Dungeon
  4251 | D:5      | Reached * piety under Nemelex Xobeh
  4323 | D:5      | Noticed Duvessa
  4323 | D:5      | Noticed Dowan
  4328 | D:5      | Killed Duvessa
  4329 | D:5      | Reached skill level 1 in Invocations
  4354 | D:5      | Killed Dowan
  4694 | D:5      | Found a runed translucent door.
  4695 | D:5      | Noticed Crazy Yiuf
  4701 | D:5      | Killed Crazy Yiuf
  4846 | D:5      | Noticed Grinder
  4847 | D:5      | Paralysed by Grinder for 2 turns
  4868 | D:5      | Killed Grinder
  5061 | D:5      | Reached XP level 9. HP: 74/74 MP: 12/12
  5081 | D:5      | Received a gift from Nemelex Xobeh
  5514 | D:6      | Reached ** piety under Nemelex Xobeh
  5560 | D:6      | Noticed Maggie
  5573 | D:6      | Killed Maggie
  5574 | D:6      | Reached skill level 5 in Invocations
  6644 | D:7      | Found a blossoming altar of Fedhas.
  7072 | D:7      | Gained mutation: Your touch may irresistibly damage your
                  | foes and sap their willpower. [demonic ancestry]
  7072 | D:7      | Reached XP level 10. HP: 80/83 MP: 15/15
  7364 | D:7      | Received a gift from Nemelex Xobeh
  7564 | D:7      | Found a basalt altar of Yredelemnul.
  7853 | D:8      | Noticed Maurice
  7902 | D:8      | Reached *** piety under Nemelex Xobeh
  7905 | D:8      | Found a sand-covered staircase.
  7934 | D:8      | Found a flagged portal.
  7934 | D:8      | Noticed Psyche
  7953 | D:8      | Killed Psyche
  7964 | Bailey   | Entered a bailey
  8123 | Bailey   | Noticed an orc knight
  8171 | Bailey   | Killed an orc knight
  8552 | Bailey   | Identified the +4 war axe of Dissolution {speed, rN+}
  8646 | D:8      | Reached skill level 10 in Fighting
  8653 | D:8      | Found a staircase to the Lair.
  8712 | D:8      | Reached skill level 10 in Invocations
  8720 | D:8      | Noticed Maurice
  8720 | D:8      | Maurice changed into Maurice the wolf
  8723 | D:8      | Killed Maurice the wolf
  8727 | D:8      | Noticed a two-headed ogre
  8931 | D:8      | Killed a two-headed ogre
  8932 | D:8      | Reached skill level 10 in Axes
  8932 | D:8      | Reached skill level 1 in Armour
  8932 | D:8      | Gained mutation: A meltable icy envelope protects you from
                  | harm. (AC +4) [demonic ancestry]
  8932 | D:8      | Reached XP level 11. HP: 27/92 MP: 18/18
  9794 | D:8      | Noticed Grum
  9804 | D:8      | Killed Grum
 10761 | D:9      | Found an ornate altar of the Wu Jian Council.
 10914 | D:10     | Entered Level 10 of the Dungeon
 10963 | Lair:1   | Entered Level 1 of the Lair of Beasts
 10963 | Lair:1   | Noticed Amaemon
 10963 | Lair:1   | Found a gate leading to a gauntlet.
 10974 | Lair:1   | Killed Amaemon
 10994 | Gauntlet | Entered a Gauntlet
 10994 | Gauntlet | Found a transporter.
 11002 | Gauntlet | Noticed a soul eater
 11006 | Gauntlet | Found a transporter.
 11013 | Gauntlet | Found a transporter.
 11046 | Gauntlet | Found a transporter.
 11048 | Gauntlet | Found a transporter.
 11059 | Gauntlet | Found a transporter.
 11073 | Gauntlet | Found a transporter.
 11075 | Gauntlet | Found a large runed translucent door.
 11076 | Gauntlet | Found a large runed translucent door.
 11077 | Gauntlet | Found a large runed translucent door.
 11077 | Gauntlet | Found a large runed translucent door.
 11077 | Gauntlet | Found a runed translucent door.
 11078 | Gauntlet | Found a transporter.
 11079 | Gauntlet | Found a runed translucent door.
 11080 | Gauntlet | Found a large runed translucent door.
 11080 | Gauntlet | Found a large runed translucent door.
 11081 | Gauntlet | Found a large runed translucent door.
 11082 | Gauntlet | Found a large runed translucent door.
 11088 | Gauntlet | Found a large runed translucent door.
 11088 | Gauntlet | Found a large runed translucent door.
 11089 | Gauntlet | Found a large runed translucent door.
 11089 | Gauntlet | Found a large runed translucent door.
 11090 | Gauntlet | Found a large runed translucent door.
 11090 | Gauntlet | Found a large runed translucent door.
 11091 | Gauntlet | Found a runed translucent gate.
 11091 | Gauntlet | Found a runed translucent gate.
 11091 | Gauntlet | Found a runed translucent gate.
 11093 | Gauntlet | Found a transporter.
 11103 | Gauntlet | Found a large runed translucent door.
 11104 | Gauntlet | Found a large runed translucent door.
 11112 | Gauntlet | Found a transporter.
 11115 | Gauntlet | Noticed a hell hog
 11123 | Gauntlet | Noticed a swamp dragon
 11124 | Gauntlet | Found a transporter.
 11130 | Gauntlet | Found a transporter.
 11142 | Gauntlet | Found a transporter.
 11145 | Gauntlet | Noticed a great orb of eyes
 11147 | Gauntlet | Noticed a red ugly thing
 11149 | Gauntlet | Noticed a cyan ugly thing
 11155 | Gauntlet | Found the ring of the Mage {Wiz Archmagi}
 11157 | Gauntlet | Found a transporter.
 11165 | Gauntlet | Noticed a fire crab
 11169 | Gauntlet | Found a transporter.
 11174 | Gauntlet | Found a transporter.
 11174 | Gauntlet | Found a transporter.
 11274 | Gauntlet | Found a transporter.
 11292 | Gauntlet | Noticed a fire crab
 11292 | Gauntlet | a queen bee changed into a fire crab
 11296 | Gauntlet | Noticed a mana viper
 11296 | Gauntlet | a guardian serpent changed into a mana viper
 11300 | Gauntlet | a fire crab changed into a redback
 11302 | Gauntlet | Noticed a steelbarb worm
 11302 | Gauntlet | a snapping turtle changed into a steelbarb worm
 11315 | Gauntlet | Noticed a wolf spider
 11315 | Gauntlet | a steelbarb worm changed into a wolf spider
 11317 | Gauntlet | Noticed a boulder beetle
 11317 | Gauntlet | a wolf spider changed into a boulder beetle
 11320 | Gauntlet | Noticed a bunyip
 11320 | Gauntlet | a boulder beetle changed into a bunyip
 11410 | Gauntlet | Killed a soul eater
 11429 | Gauntlet | Identified the +5 ring mail of Mutualism {rN+ Int+4}
 11472 | Gauntlet | Noticed a fire crab
 11480 | Gauntlet | Noticed a bunyip
 11491 | Gauntlet | Noticed a naga warrior
 11494 | Gauntlet | Noticed an eight-headed hydra
 11500 | Gauntlet | Noticed a mana viper
 11500 | Gauntlet | Identified a scroll of acquirement
 11500 | Gauntlet | Acquired an amulet of regeneration
 11504 | Gauntlet | Noticed a sixfirhy
 11505 | Gauntlet | Noticed a necromancer
 11506 | Gauntlet | Mangled by an entropy weaver simulacrum

Illustrated notes

Levels and vault maps discovered:
D:1:      dpeg_arrival_court, layout_loops_corners
D:2:      layout_loops_ring, basic_altar, serial_forest,
          infiniplex_forest_straight_4, infiniplex_forest_lined_1,
          infiniplex_forest_pool, infiniplex_forest_clump_tiny,
          infiniplex_forest_straight_1, infiniplex_forest_clump_curved,
          infiniplex_forest_clump_medium, infiniplex_forest_clump_small,
          infiniplex_forest_end_double, infiniplex_forest_corner_1,
          minmay_tromino_v4_c
D:3:      layout_loops_ring, grunt_temple_overflow_cloverleaf,
          chequers_ecumenical_altar_grove
D:4:      layout_basic, tso_metal_star, kennysheep_mini_moat,
          nicolae_elyvilon_temple_path, minmay_temple_entry_gardened_gates,
          minmay_circle_x, uniq_eustachio, uniq_pikel, uniq_edmund
D:5:      layout_basic, uniq_duvessa, uniq_crazy_yiuf_cottage, uniq_grinder
D:6:      layout_gridville, uniq_maggie
D:7:      layout_basic, lemuel_doored_altar, yredelemnul_forgotten_temple_becter
D:8:      layout_cave_pools, minmay_lair_entry_grove, serial_gnoll_camp,
          gnoll_camp_mini_hut, gnoll_camp_medium_02, gnoll_camp_medium_01,
          grums_kennel, enter_ossuary_3, enter_bailey_5, uniq_maurice,
          uniq_psyche
D:9:      layout_small_grid, mainiacjoe_overflow_alcove_4
D:10:     layout_irregular_city, nicolae_dithmenos_the_darkroom,
          ploomutoo_gammafunk_ghost_potion_laboratory, minmay_fractal_squares_5,
          uniq_joseph, uniq_grum
Lair:1:   layout_loops_ring, gauntlet_entry_generic,
          chequers_serial_rivers_micro_b, grunt_megastairs_4, uniq_amaemon
Gauntlet: gammafunk_gauntlet_one_two_three [nicolae_gauntlet_arena_grate_2,
          nicolae_gauntlet_arena_x, gammafunk_gauntlet_arena_teeth,
          gammafunk_gauntlet_arena_crates, nicolae_gauntlet_arena_blocks,
          gammafunk_gauntlet_arena_spirals, gammafunk_gauntlet_arena_open,
          gammafunk_gauntlet_arena_arrow_garden,
          minmay_gauntlet_arena_make_your_own_arena, gauntlet_exit_hidden_loot]

Skill      XL: |  1  2  3  4  5  6  7  8  9 10 11 |
---------------+----------------------------------+-----
Axes           | 3 4 6 7 8 10 | 10.6
Fighting       | 3 4 6 7 9 10 11 | 11.3
Dodging        | 3 4 |  4.0
Invocations    | 4 7 10 11 | 11.4
Armour         | 1 3 |  3.8
Throwing       | |  1.7

Action                   |  1- 3 |  4- 6 |  7- 9 | 10-12 || total
-------------------------+-------+-------+-------+-------++-------
Melee: War axe           |   100 |       |       |   231 ||   331
       Hand axe          |    11 |    42 |   203 |   110 ||   366
       Touch             |     7 |     9 |    41 |    67 ||   124
       Punch             |     1 |     1 |     1 |     5 ||     8
Throw: Throwing net      |       |     1 |     2 |       ||     3
Invok: Draw Destruction  |       |       |     1 |     6 ||     7
       Draw Escape       |       |       |       |     4 ||     4
       Triple Draw       |       |       |       |     1 ||     1
       Draw Summoning    |       |       |       |     1 ||     1
  Use: Scroll            |       |     3 |     5 |     8 ||    16
       Potion            |       |       |       |     2 ||     2
 Stab: Sleeping          |     1 |       |       |       ||     1
Armor: Ring mail         |    41 |    16 |     4 |    28 ||    89
       Chain mail        |       |       |    85 |   167 ||   252
Dodge: Dodged            |    93 |    21 |    87 |   168 ||   369
Block: Other             |       |       |    34 |    54 ||    88
